AoeStats
← avukator2

Northern Isles

510300051Analyzed
1v1 RM · 3d ago on Sep 30, 2026· 19m 55s· 2 players
Game mode
Random Map
Map size
Tiny (2 player)
Population
200
Speed
Normal
Resources
Standard
Victory
Conquest
Starting age
Dark Age
Ending age
Imperial Age
RankedLock teamsTeams togetherTeam positionsShared explorationLock speedFull tech treeHidden civsTurbo modeCheats
Victory
Defeat
🇫🇷 Spanish · France
988
+15
🇹🇷 Ethiopians · Türkiye
967
-15
avukator2
5:40 Loom
9:20 Feudal Age
10:31 Fishing Lines
10:48 Double-Bit Axe
13:56 Fletching
LejuDuTixFdp
9:58 Loom
12:01 Feudal Age
15:09 Fletching
19:42 Castle Age
Connection lost

Rejoining the realm…

Still unreachable

The connection could not be restored.

Session expired

The server has moved on; the page needs a fresh start.